 Dungeon Crawl Stone Soup version 0.17-a0-2028-g5c22979 (webtiles) character file.

183 Jackolantern the Shield-Bearer (level 5, -9/42 HPs)
             Began as a Formicid Fighter on Oct 10, 2015.
             Mangled by a troll (12 damage)
             ... on level 14 of the Dungeon.
             The game lasted 00:06:45 (1528 turns).

Jackolantern the Shield-Bearer (Formicid Fighter)   Turns: 1528, Time: 00:06:45

Health: -9/42      AC:  4    Str: 26    XL:     5   Next: 94%
Magic:  5/5        EV: 10    Int:  8    God:
Gold:   23         SH: 10    Dex: 10    Spells: 0 memorised, 4 levels left

rFire  . . .     SeeInvis +     b - -2 flail (curse)
rCold  . . .     Clarity  .     g - +1 leather armour "Ufitzaw" {MR++ rCorr}
rNeg   + . .     SustAt   .     c - +0 shield
rPois  .         Gourm    .     (helmet unavailable)
rElec  .         Spirit   .     (no cloak)
rCorr  +         Warding  +     (no gloves)
rMut   .         Stasis   +     (no boots)
MR     ++...                    h - amulet of warding
Stlth  +.........               (no ring)
                                (no ring)

@: mighty, very resistant to hostile enchantments, very unstealthy
A: permanent stasis, dig shafts and tunnels, four strong arms, antennae 3
a: Dig, Shaft Self


You were on level 14 of the Dungeon.
You were near starving.

You visited 1 branch of the dungeon, and saw 11 of its levels.

You collected 23 gold pieces.

Inventory:

Hand Weapons
 a - a +0 flail
 b - a cursed -2 flail (weapon)
Armour
 c - a +0 shield (worn)
 g - the +1 leather armour "Ufitzaw" (worn) {MR++ rCorr}
   (You found it on level 13 of the Dungeon)

   It affects your resistance to hostile enchantments.
   It protects you from acid and corrosion.
Jewellery
 h - an amulet of warding (around neck)
Scrolls
 i - a scroll of enchant armour {unknown}
 j - a scroll of amnesia {unknown}
Potions
 e - a potion of heal wounds {unknown}
 f - a potion of lignification {unknown}


   Skills:
 + Level 4.0 Fighting
 + Level 2.8 Maces & Flails
 + Level 4.3 Armour
 + Level 2.1 Dodging
 + Level 4.5 Shields


You had 4 spell levels left.
You didn't know any spells.

Dungeon Overview and Level Annotations

Branches:
Dungeon (14/15)
 Temple: D:4-7         Lair: D:8-11         Orc: D:9-12      Vaults: D:13-14

Altars:

Annotations:
D:3 Crazy Yiuf


Innate Abilities, Weirdness & Mutations

You are under a permanent stasis effect.
You can dig through walls and to a lower floor.
Your four strong arms can wield two-handed weapons with a shield.
You have a pair of large antennae on your head (SInv).


Message History

The troll claws you but does no damage. You block the troll's attack.
The troll barely misses you. x2
You closely miss the troll.
The troll is heavily wounded.
You block the troll's attack. The troll closely misses you.
The troll claws you but does no damage.
You sock the troll!
The troll is severely wounded.
The troll barely misses you. The troll claws you. You block the troll's attack.
You hit the troll.
The troll is almost dead.
The troll closely misses you. The troll claws you! The troll claws you.
The troll bites you. You block the troll's attack.
The troll closely misses you.
You closely miss the troll.
The troll is severely wounded.
The troll bites you!
* * * LOW HITPOINT WARNING * * *
The troll barely misses you. The troll claws you!
You die...

#.. #.# #.####.... #.#
#(##.....#..
#####.#####.##.#.....##
#.........(......<....
#####.#..............#..#
#..........####.#..[.#..#
#.###.#.#..##..)........#..
#.# #.#.#..@T..............
#.# #.#.##.##(#####.##.##.#
#<# #.#.##.##.#####.##.##.
#.# #.#.##.##..............
#.# #.#.##.########.#[..#..
#.###.#.##.# ...#.#...
#.##....##.# #........
#.#....# #.# ##..#...
#.....## .. .## ...


You could see a troll.

Vanquished Creatures
  A giant frog (D:13)
  A centaur skeleton (D:7)
  An orc wizard (D:8)
  A worker ant (D:4)
  A hound zombie (D:9)
  2 adders
  2 orcs
  2 bats (D:1)
  A goblin (D:1)
  A hobgoblin (D:3)
  2 kobolds (D:1)
  A giant newt (D:3)
  2 rats (D:3)
18 creatures vanquished.

Notes
Turn   | Place    | Note
--------------------------------------------------------------
     0 | D:1      | Jackolantern the Formicid Fighter began the quest for the Orb.
     0 | D:1      | Reached XP level 1. HP: 18/18 MP: 1/1
    31 | D:1      | Reached XP level 2. HP: 18/24 MP: 2/2
    40 | D:1      | You fall through a shaft!
   135 | D:3      | Noticed Crazy Yiuf
   221 | D:3      | You fall through a shaft!
   243 | D:4      | Reached skill level 1 in Dodging
   243 | D:4      | Reached skill level 4 in Shields
   243 | D:4      | Reached XP level 3. HP: 29/29 MP: 3/3
   260 | D:4      | Noticed a scorpion
   282 | D:4      | You fall through a shaft for 3 floors!
   288 | D:7      | Reached XP level 4. HP: 16/37 MP: 4/4
   497 | D:7      | Noticed an ogre
   534 | D:8      | Noticed an ice beast
   785 | D:9      | Reached XP level 5. HP: 27/42 MP: 5/5
  1000 | D:9      | Noticed an orc warrior
  1000 | D:9      | Noticed a big kobold
  1030 | D:10     | Entered Level 10 of the Dungeon
  1030 | D:10     | Noticed a sky beast
  1033 | D:10     | You fall through a shaft for 3 floors!
  1044 | D:13     | Got a heavily runed leather armour
  1055 | D:13     | Identified the +1 leather armour "Ufitzaw" {MR++ rCorr} (You found it on level 13 of the Dungeon)
  1273 | D:13     | Noticed a deep elf mage
  1275 | D:13     | Noticed an ice beast
  1283 | D:13     | Noticed an ice beast
  1332 | D:12     | Noticed an unseen horror
  1338 | D:12     | You fall through a shaft for 2 floors!
  1510 | D:14     | Noticed a troll
  1528 | D:14     | Mangled by a troll

Vault maps used:
D:1:      scummos_arrival_simple_fountains, kennysheep_doodads
D:2:      ecumenical_altar_2, lemuel_flame_loot_1
D:3:      nicolae_overflow_hidden_temple, first_bread, led_xom_imps,
          uniq_natasha, uniq_crazy_yiuf_cottage
D:4:      minitemple, lemuel_doored_altar, serial_shops,
          nicolae_shop_temple_entry_statues_fountains, kennysheep_cross_room,
          uniq_edmund
D:7:      lemuel_zombie_altar_kikubaaqudgha, temple_fountains, grunt_livestock
D:8:      basic_altar
D:9:      kennysheep_little_box, basic_altar
D:10:     lair_0_dummy, minivault_20, fedhas_altar_3, uniq_fannar, uniq_joseph,
          uniq_urug
D:12:     orc_david_3, uniq_maurice, uniq_josephine
D:13:     lightli_vaults_fourway_checkpoint, serial_shops, nicolae_shop_crystal,
          hangedman_abyss_or_decor_stagger, uniq_maud
D:14:     minmay_misc_feat_five

Action                   |  1- 3 |  4- 6 || total
-------------------------+-------+-------++-------
Melee: Flail             |    38 |    61 ||    99
 Abil: Dig               |     7 |     1 ||     8
       Shaft Self        |     3 |     2 ||     5
  Use: Potion            |       |     1 ||     1
  Eat: Bread ration      |       |     1 ||     1
